Map: Ephemeron LE

Players

DisK - Winner!

  • Race: Protoss Protoss
  • Spawn Location: 11:00

Bioice

  • Race: Zerg Zerg
  • Spawn Location: 5:00

VOD

Have the link to the VOD?

Description

Time

  • Played on: Sept. 6, 2019, 3:09 p.m.
  • Length: 19:16
Show
View Real Time Build Order
Export as new Build Order

DisK Protoss - Winner!

Build Orders: 1 Gate Expand, Zealot Archon, Colossus Rush 

Get SALT Encoding   

  12  0:00  Probe  
  13  0:12  Probe  
  14  0:19  Pylon  
  14  0:24  Probe  
  15  0:33  Probe  
  15  0:38  Gateway  
  15  0:41  Probe  
  16  0:47  Assimilator  
  17  0:51  Probe  
  18  1:04  Probe  
  19  1:16  Probe  
  20  1:25  Nexus  
  21  1:37  Cybernetics Core  
  21  1:39  Probe  
  21  1:46  Assimilator  
  21  1:51  Probe  
  22  1:55  Pylon  
  22  2:03  Probe  
  22  2:04  Adept  
  23  2:15  Probe  
  26  2:21  Robotics Facility  
  26  2:23  Warp Gate  
  26  2:27  Probe  
  27  2:31  Stalker  
  29  2:38  Probe  
  29  2:39  Probe  
  31  2:46  Probe  
  32  2:51  Probe  
  32  2:56  Gateway, Probe  
  34  3:06  Probe  
  34  3:07  Warp Prism  
  34  3:15  Probe  
  34  3:19  Probe  
  36  3:22  Adept  
  38  3:27  Probe  
  38  3:31  Probe  
  40  3:39  Probe  
  40  3:40  Robotics Bay  
  41  3:43  Probe  
  41  3:48  Pylon, Probe  
  42  3:49  Observer  
  44  3:55  Probe  
  44  3:56  Probe  
  44  4:01  Assimilator  
  44  4:02  Assimilator  
  46  4:06  Probe  
  46  4:08  Probe  
  48  4:12  Forge  
  48  4:14  Adept x2  
  52  4:18  Probe  
  52  4:20  Probe  
  52  4:22  Pylon  
  54  4:33  Protoss Ground Weapons Level 1  
  54  4:34  Pylon  
  54  4:39  Colossus  
  54  4:40  Probe  
  61  4:48  Probe  
  62  4:58  Gateway  
  62  4:59  Gateway  
  62  5:00  Sentry x2  
  62  5:04  Gateway x2  
  66  5:25  Probe x2  
  68  5:29  Nexus  
  68  5:33  Pylon  
  68  5:40  Pylon  
  68  5:47  Observer  
  68  5:49  Extended Thermal Lance  
  68  5:50  Colossus  
  68  5:55  Twilight Council  
  74  5:59  Probe x2  
  76  6:04  Blink  
  76  6:05  Stalker x3  
  76  6:10  Stalker x2  
  86  6:22  Pylon  
  86  6:36  Probe  
  86  6:38  Stargate  
  86  6:40  Pylon, Probe  
  86  6:41  Probe  
  86  6:42  Stargate  
  86  6:45  Probe  
  86  6:46  Protoss Ground Weapons Level 2  
  89  6:52  Probe  
  89  6:53  Probe  
  92  6:54  Probe  
  92  6:57  Pylon  
  92  6:59  Shield Battery x2  
  93  7:07  Probe x3  
  96  7:09  Pylon  
  96  7:11  Photon Cannon  
  96  7:12  Photon Cannon  
  96  7:19  Templar Archives  
  96  7:22  Probe x2  
  97  7:36  Phoenix  
  97  7:37  Probe, Phoenix  
  96  7:44  Stalker  
  97  7:48  Pylon, Probe x2, Assimilator x2  
  97  7:49  Probe  
  97  7:50  Photon Cannon  
  100  7:52  Photon Cannon  
  100  7:53  Photon Cannon  
  100  7:55  High Templar  
  100  7:56  High Templar  
  104  7:59  Archon  
  104  8:01  Pylon, Probe x2  
  104  8:04  Phoenix x2  
  108  8:11  Phoenix  
  110  8:18  Pylon, Probe x3  
  110  8:19  Disruptor  
  113  8:23  Pylon  
  113  8:25  Pylon  
  116  8:28  Photon Cannon  
  116  8:32  Phoenix  
  116  8:33  Stalker x2  
  122  8:36  Stalker  
  124  8:46  Phoenix  
  126  8:52  Shield Battery  
  126  8:56  Robotics Facility  
  126  8:57  Disruptor  
  129  9:07  Phoenix  
  131  9:13  Stalker x3  
  137  9:20  Stalker x2  
  137  9:21  Zealot  
  137  9:23  Protoss Ground Weapons Level 3  
  143  9:31  Nexus  
  143  9:45  Gateway  
  143  9:47  Gateway  
  143  9:49  Gateway  
  143  9:56  Disruptor  
  126  10:01  Stalker x5  
  126  10:02  Stalker  
  114  10:25  Zealot x4  
  114  10:26  Zealot x2  
  107  10:42  Stalker x2  
  111  10:48  Stalker x2  
  109  10:52  Pylon  
  109  10:54  Disruptor, Nexus  
  112  11:05  Stalker  
  112  11:06  Stalker x6  
  117  11:33  Probe x2  
  117  11:38  Disruptor x2  
  119  11:43  Probe  
  119  11:44  Pylon  
  126  11:47  Probe x2  
  126  11:51  Probe  
  126  11:53  Pylon  
  128  12:00  Probe x2  
  129  12:02  Stalker x3  
  137  12:09  Pylon  
  137  12:13  Disruptor  
  137  12:14  Disruptor  
  137  12:18  Charge  
  137  12:21  Probe x3  
  137  12:22  Probe  
  145  12:27  Photon Cannon  
  145  12:29  Photon Cannon  
  141  12:33  Stalker x4  
  147  12:49  Stalker x4  
  155  12:58  Zealot x3  
  160  13:08  Stalker x2  
  140  13:18  Zealot x3, Stalker x4  
  153  13:23  Disruptor  
  152  13:28  Disruptor  
  141  13:47  Disruptor  
  135  13:54  Disruptor  
  135  13:59  Zealot x5  
  148  14:08  Nexus  
  151  14:10  Pylon  
  151  14:23  Observer  
  152  14:26  Colossus  
  152  14:34  Colossus  
  158  14:56  Zealot  
  158  14:57  Zealot x6  
  158  14:58  Zealot x2  
  141  15:14  Colossus  
  137  15:22  Stalker x5  
  138  15:51  Colossus  
  140  15:59  Nexus  
  140  16:07  High Templar x4  
  140  16:08  High Templar x2  
  152  16:13  Archon x2  
  152  16:14  Archon  
  148  16:24  Nexus  
  148  16:25  Zealot x3  
  154  16:34  Pylon  
  154  16:46  Observer  
  155  16:54  Pylon  
  155  16:55  Zealot x4  
  159  17:15  Nexus  
  153  17:18  High Templar  
  153  17:19  High Templar x3  
  153  17:20  Stalker x2  
  162  17:37  Archon x2  
  162  17:38  Stalker x2  
  162  17:39  Stalker  
  168  17:46  Zealot  
  153  18:16  Stalker x5  
  144  18:36  Stalker x4  
Show
View Real Time Build Order
Export as new Build Order

Bioice Zerg 

Build Orders: Hatch First 

Get SALT Encoding   

  12  0:00  Drone  
  13  0:13  Overlord  
  13  0:17  Drone  
  14  0:31  Drone  
  14  0:32  Drone  
  16  0:49  Hatchery  
  15  0:52  Drone  
  15  0:55  Drone  
  17  0:58  Drone  
  18  1:06  Extractor  
  17  1:14  Spawning Pool  
  16  1:18  Drone  
  16  1:21  Drone  
  18  1:29  Drone  
  19  1:40  Drone  
  20  1:51  Drone  
  20  1:53  Hatchery  
  20  2:01  Drone  
  20  2:02  Drone  
  20  2:07  Queen  
  24  2:15  Queen  
  26  2:22  Overlord  
  26  2:26  Metabolic Boost  
  26  2:29  Zergling x2  
  27  2:32  Drone  
  28  2:40  Drone x3  
  31  2:46  Queen  
  31  2:48  Drone  
  34  2:54  Overlord  
  34  2:58  Zergling x2  
  35  3:00  Zergling x2  
  35  3:04  Spore Crawler  
  34  3:19  Drone x7  
  41  3:27  Overlord  
  41  3:29  Roach Warren  
  41  3:30  Drone  
  41  3:34  Queen  
  41  3:37  Drone  
  41  3:40  Overlord  
  44  3:46  Drone x2  
  44  3:47  Drone  
  47  3:50  Drone x2  
  49  3:55  Overlord x2  
  49  4:02  Drone x4  
  53  4:09  Spore Crawler  
  52  4:10  Spore Crawler  
  52  4:12  Spore Crawler  
  52  4:13  Roach  
  52  4:15  Roach  
  52  4:17  Zergling x2  
  55  4:22  Roach x2  
  59  4:27  Zergling x8  
  59  4:29  Overlord  
  63  4:35  Drone x4  
  63  4:36  Drone  
  68  4:42  Overlord  
  67  4:58  Drone  
  67  4:59  Drone x6  
  74  5:01  Lair  
  74  5:05  Extractor x2  
  72  5:07  Overlord x2  
  72  5:11  Roach  
  74  5:17  Overlord  
  74  5:24  Roach  
  74  5:25  Overlord x2  
  74  5:26  Zergling x4  
  78  5:29  Zergling x6, Roach  
  85  5:35  Roach  
  85  5:36  Extractor, Zergling x4, Roach  
  85  5:41  Roach x2  
  85  5:42  Zergling x4  
  93  5:48  Roach  
  95  6:03  Roach x3  
  95  6:04  Zergling x14  
  106  6:10  Roach  
  107  6:21  Glial Reconstitution  
  107  6:32  Drone  
  104  6:33  Drone x9  
  104  6:37  Spire  
  104  6:39  Drone x3  
  115  6:52  Extractor  
  115  6:53  Hatchery  
  113  6:56  Roach x7  
  127  7:03  Overlord  
  127  7:05  Drone  
  127  7:08  Extractor  
  127  7:12  Roach  
  127  7:14  Overlord x3  
  128  7:27  Roach x5  
  138  7:35  Roach x2  
  138  7:36  Roach x5  
  152  7:39  Roach  
  152  7:49  Overlord  
  151  7:52  Roach x4  
  151  7:58  Queen  
  159  8:00  Overlord  
  159  8:03  Overlord x3  
  159  8:05  Queen  
  173  8:18  Infestation Pit, Mutalisk  
  173  8:19  Mutalisk x4  
  171  8:21  Mutalisk  
  173  8:31  Baneling Nest  
  173  8:33  Drone  
  173  8:34  Drone  
  173  8:35  Evolution Chamber, Drone x7  
  180  8:42  Drone  
  180  8:43  Drone x3  
  184  8:50  Roach  
  184  8:51  Roach x3  
  184  8:55  Hive  
  192  8:57  Roach x3  
  198  9:09  Corruptor  
  198  9:10  Corruptor  
  198  9:16  Corruptor x3  
  190  9:24  Corruptor  
  196  9:29  Zerg Melee Weapons Level 1  
  198  9:33  Spore Crawler  
  198  9:35  Zergling x4  
  197  9:40  Corruptor  
  179  10:03  Roach x3  
  179  10:04  Roach  
  183  10:07  Overlord  
  183  10:08  Overlord  
  175  10:26  Roach  
  165  10:32  Roach x15  
  175  10:42  Roach  
  163  10:46  Roach x3  
  159  10:53  Greater Spire  
  159  10:54  Roach x5  
  159  10:55  Adrenal Glands  
  167  11:06  Roach x5  
  179  11:11  Roach  
  173  11:23  Roach x5  
  173  11:25  Roach  
  173  11:26  Roach x2  
  173  11:30  Zergling x4  
  163  11:33  Drone x4  
  163  11:34  Drone  
  168  11:43  Hatchery  
  167  11:47  Zergling x2  
  167  11:48  Zergling x8  
  167  11:49  Zerg Melee Weapons Level 2  
  172  11:55  Corruptor x3  
  178  12:03  Zergling x10  
  181  12:11  Corruptor x3  
  181  12:14  Zergling x2  
  188  12:20  Zergling x2  
  186  12:26  Zergling x2  
  186  12:27  Zergling x10  
  190  12:32  Zergling x2  
  190  12:33  Zergling x2  
  190  12:36  Overlord  
  191  12:58  Zergling x6  
  188  13:03  Zergling x10  
  184  13:06  Zergling x2  
  184  13:07  Zergling x4  
  184  13:12  Zergling x24  
  187  13:22  Zergling x2  
  187  13:23  Zergling x6  
  181  13:35  Zergling x2  
  181  13:36  Zergling x12  
  181  13:38  Zergling x10  
  186  13:45  Zergling x8  
  186  13:46  Zergling x2  
  186  13:48  Brood Lord x4  
  192  13:50  Corruptor x2  
  198  13:57  Corruptor  
  200  14:05  Zerg Melee Weapons Level 3  
  200  14:15  Zergling x2, Spine Crawler  
  199  14:21  Zergling x4  
  196  14:38  Corruptor x2  
  195  14:52  Zergling x28  
  141  15:04  Zergling x32  
  136  15:07  Brood Lord x3  
  136  15:09  Brood Lord  
  136  15:12  Zergling x8  
  136  15:14  Baneling x2  
  141  15:15  Corruptor x2  
  141  15:17  Zergling x2  
  139  15:24  Zergling x2  
  140  15:30  Zergling x6  
  140  15:34  Zergling x2  
  140  15:38  Corruptor x2  
  143  15:44  Corruptor, Drone  
  146  15:52  Brood Lord  
  146  15:53  Corruptor x7  
  162  15:58  Zergling x4  
  165  16:04  Zergling x10  
  169  16:14  Zergling x2  
  169  16:15  Zergling x6  
  172  16:25  Brood Lord  
  172  16:27  Brood Lord  
  172  16:28  Brood Lord  
  172  16:29  Brood Lord, Hatchery  
  177  16:41  Extractor, Drone x7  
  177  16:42  Extractor  
  177  16:45  Drone  
  183  16:53  Overlord  
  161  17:12  Zergling x2  
  161  17:13  Zergling x20  
  168  17:20  Brood Lord  
  168  17:21  Brood Lord x3  
  176  17:27  Zergling x2  
  176  17:28  Zergling x14  
  182  17:37  Overlord  
  174  17:42  Baneling  
  174  17:43  Zergling x2  
  174  17:44  Zergling x14  
  182  17:50  Zergling x2  
  182  17:51  Zergling x2  
  184  17:53  Corruptor x3  
  185  18:00  Corruptor x2  
  185  18:03  Zergling x2  
  186  18:12  Zergling x8  
  173  18:19  Zergling x2  
  178  18:20  Zergling x8  
  169  18:27  Drone x3  
  169  18:32  Drone x2  
  165  18:37  Brood Lord x2  
  165  18:38  Brood Lord  
  172  18:41  Drone x5  
  172  18:43  Spore Crawler, Spine Crawler  
  172  18:46  Corruptor x2, Spine Crawler x2  
  172  18:48  Zergling x2  
  143  18:58  Zergling x2  
Tags
 
Add a new tag
Caveats
  • Supply blocks, unpowered buildings, or Contaminate may cause inaccurate times.
  • Supply counts are checked every 10 seconds.